Map: Overgrown Facility

Players

Adversity - Winner!

  • Race: Terran Terran
  • Spawn Location: 9:00

Weon - Winner!

  • Race: Zerg Zerg
  • Spawn Location: 7:00

rioT

  • Race: Zerg Zerg
  • League: Master
  • Spawn Location: 3:00

BruceLee

  • Race: Terran Terran
  • Spawn Location: 1:00

VOD

Have the link to the VOD?

Description

Time

  • Played on: July 14, 2018, 2:50 p.m.
  • Length: 10:32
Show
View Real Time Build Order
Export as new Build Order

Adversity Terran - Winner!

Build Orders:  

Get SALT Encoding   

  12  0:01  SCV  
  13  0:13  SCV  
  14  0:18  Supply Depot  
  14  0:25  SCV  
  15  0:30  Refinery  
  15  0:40  SCV  
  16  0:46  Barracks  
  16  0:52  SCV  
  17  1:04  SCV  
  17  1:10  Barracks  
  18  1:18  SCV  
  19  1:27  Barracks  
  19  1:34  Reaper  
  20  1:41  Orbital Command  
  20  1:51  Supply Depot  
  20  1:57  Reaper  
  21  2:07  Reaper  
  22  2:10  SCV  
  22  2:13  Refinery  
  23  2:16  Reaper  
  23  2:19  Supply Depot  
  24  2:31  Reaper  
  24  2:32  SCV  
  26  2:44  Reaper  
  26  2:45  SCV  
  28  2:57  Reaper  
  29  3:01  Command Center  
  29  3:04  SCV  
  30  3:11  Reaper  
  31  3:18  SCV  
  32  3:26  Reaper  
  33  3:32  Reaper  
  34  3:43  Reaper  
  35  3:49  SCV  
  35  3:51  Barracks  
  35  3:52  Barracks, Engineering Bay  
  36  3:59  Supply Depot  
  37  4:04  SCV  
  38  4:19  Barracks Tech Lab, Barracks Reactor  
  38  4:20  Marine  
  38  4:24  Factory  
  38  4:31  SCV  
  38  4:32  Orbital Command  
  39  4:46  Marine x4  
  39  4:47  Stimpack  
  43  4:57  Marine x2  
  43  4:58  SCV  
  46  5:00  SCV  
  46  5:10  SCV  
  44  5:19  Marine  
  44  5:20  Marine x4  
  48  5:21  Marine  
  30  5:37  Marine x3  
  32  5:49  Marine x2  
  33  5:52  SCV x2  
  32  5:59  Marine x4  
  35  6:18  Factory Reactor  
  35  6:20  SCV, Starport  
  35  6:23  SCV  
  36  6:37  Marine x6  
  34  6:42  SCV  
  34  6:43  SCV  
  34  6:47  Terran Infantry Weapons Level 1  
  36  6:53  Combat Shield  
  36  6:55  Marine x2, SCV  
  36  6:57  SCV  
  42  7:08  SCV  
  42  7:09  SCV  
  42  7:10  Marine x3  
  45  7:17  Medivac x2  
  45  7:20  SCV  
  45  7:21  SCV  
  51  7:32  Supply Depot  
  51  7:33  SCV x2  
  51  7:36  Barracks Tech Lab  
  51  7:37  Barracks Tech Lab  
  53  7:42  Refinery  
  53  7:43  Refinery, Barracks Tech Lab  
  53  7:46  SCV x2  
  55  7:52  Supply Depot  
  55  7:58  SCV x2  
  57  7:59  Concussive Shells  
  57  8:10  SCV x2  
  59  8:17  Medivac x2  
  63  8:23  Marauder x3  
  63  8:26  SCV x2  
  71  8:31  Supply Depot  
  73  8:34  Marauder  
  73  8:47  Marine x3  
  73  8:48  Marine  
  73  8:52  Missile Turret  
  73  8:54  Missile Turret  
  71  8:59  Missile Turret x2  
  71  9:00  SCV x2  
  73  9:10  Marine x5  
  73  9:11  Marine  
  73  9:15  SCV x2  
  81  9:27  Marine  
  81  9:28  Marine x2  
  81  9:31  Marine x2  
  85  9:33  Marine  
  81  9:49  Marine  
  81  9:51  Marine x4  
  83  9:54  Starport Reactor  
  83  9:58  Supply Depot  
  83  9:59  Supply Depot  
  83  10:00  Supply Depot x2  
  83  10:01  Supply Depot  
  83  10:02  Starport Reactor  
  81  10:09  Supply Depot  
  81  10:10  Supply Depot  
  81  10:13  Starport Reactor  
  78  10:19  Starport Reactor  
  78  10:21  Supply Depot x2  
  78  10:22  Supply Depot  
Show
View Real Time Build Order
Export as new Build Order

Weon Zerg - Winner!

Build Orders: Hatch First 

Get SALT Encoding   

  12  0:01  Drone  
  13  0:12  Overlord  
  13  0:18  Drone  
  14  0:31  Drone x2  
  17  0:35  Drone  
  17  0:54  Hatchery  
  16  0:57  Drone  
  16  1:00  Drone  
  16  1:02  Extractor  
  17  1:17  Spawning Pool  
  16  1:20  Drone  
  16  1:23  Drone  
  18  1:29  Drone  
  19  1:38  Overlord  
  19  1:49  Drone  
  20  2:03  Queen  
  20  2:08  Metabolic Boost, Zergling x4  
  24  2:13  Queen  
  26  2:17  Zergling x2  
  26  2:21  Drone  
  28  2:26  Zergling x2  
  29  2:31  Baneling Nest  
  29  2:36  Drone x2  
  30  2:40  Drone  
  30  2:43  Drone  
  32  2:49  Overlord  
  32  2:55  Zergling x2  
  33  3:05  Zergling x2  
  34  3:08  Drone  
  35  3:14  Drone x4  
  38  3:21  Baneling  
  38  3:29  Zergling x2  
  38  3:30  Zergling x8  
  41  3:41  Drone  
  41  3:42  Baneling x2  
  41  3:44  Zergling x2  
  41  3:47  Zergling x2  
  44  3:49  Overlord  
  44  3:52  Overlord  
  44  3:58  Baneling x2  
  44  4:09  Zergling x8  
  47  4:13  Drone  
  47  4:16  Drone x2  
  49  4:25  Drone x2  
  49  4:30  Drone x2  
  49  4:31  Drone  
  54  4:34  Extractor  
  53  4:40  Drone x2  
  53  4:45  Drone x2  
  57  4:48  Evolution Chamber  
  57  4:49  Hatchery  
  57  4:50  Evolution Chamber  
  51  4:57  Drone  
  51  4:58  Drone  
  51  5:01  Drone x3  
  51  5:08  Drone x3  
  51  5:09  Drone  
  54  5:16  Drone, Zerg Melee Weapons Level 1, Zerg Ground Armor Level 1  
  54  5:19  Extractor  
  54  5:21  Spore Crawler, Extractor  
  53  5:24  Spore Crawler  
  53  5:28  Drone x2  
  53  5:30  Spore Crawler, Overlord  
  53  5:32  Lair  
  53  5:35  Drone  
  53  5:40  Drone  
  54  5:57  Zergling x2  
  54  5:58  Zergling x12  
  54  6:00  Extractor  
  59  6:07  Zergling x2  
  59  6:08  Overlord, Zergling x2  
  59  6:09  Queen  
  59  6:11  Drone x3  
  64  6:16  Overlord  
  66  6:19  Zergling x8  
  66  6:22  Zergling x2  
  66  6:24  Drone  
  72  6:35  Drone, Infestation Pit  
  72  6:37  Drone x2  
  74  6:41  Drone  
  74  6:42  Overlord  
  75  6:54  Zergling x2  
  75  6:56  Zergling x14  
  75  7:00  Extractor  
  75  7:01  Overlord  
  82  7:06  Zergling x2  
  82  7:07  Zergling x2  
  84  7:12  Hive  
  84  7:13  Zerg Melee Weapons Level 2, Zerg Ground Armor Level 2  
  84  7:15  Zergling x4  
  86  7:19  Drone  
  86  7:20  Overlord  
  87  7:25  Drone  
  87  7:28  Drone  
  89  7:32  Zergling x6  
  89  7:35  Overlord  
  92  7:38  Spore Crawler  
  92  7:41  Centrifical Hooks  
  92  7:43  Drone x6  
  97  8:04  Drone  
  97  8:05  Drone x3  
  101  8:12  Overlord  
  101  8:24  Hatchery  
  101  8:26  Adrenal Glands  
  100  8:30  Spire  
  100  8:31  Zergling x2  
  100  8:32  Ultralisk Cavern, Zergling x20  
  100  8:33  Zergling x2  
  110  8:34  Zergling x2  
  110  8:38  Burrow  
  111  8:48  Pneumatized Carapace  
  111  8:49  Overlord x3  
  111  8:50  Overlord  
  111  9:01  Spore Crawler  
  110  9:03  Spore Crawler x2  
  110  9:09  Spore Crawler x2  
  106  9:15  Overseer  
  106  9:41  Corruptor x6  
  106  9:43  Corruptor  
  120  9:51  Drone x4  
  120  9:52  Overlord  
  124  10:00  Drone x3  
Show
View Real Time Build Order
Export as new Build Order

rioT Zerg 

Build Orders: Hatch First 

Get SALT Encoding   

  12  0:01  Drone  
  13  0:12  Overlord  
  13  0:17  Drone  
  14  0:31  Drone  
  14  0:32  Drone  
  14  0:35  Drone  
  17  0:54  Hatchery  
  16  0:57  Drone  
  16  1:01  Drone  
  18  1:08  Extractor  
  17  1:16  Spawning Pool  
  17  1:18  Drone  
  17  1:21  Drone  
  18  1:28  Drone  
  19  1:39  Overlord  
  19  1:52  Drone  
  20  2:03  Queen  
  20  2:04  Zergling x2  
  20  2:05  Queen  
  20  2:06  Zergling x2  
  26  2:10  Metabolic Boost  
  27  2:15  Drone  
  27  2:18  Drone  
  28  2:27  Drone  
  29  2:30  Drone  
  29  2:35  Overlord  
  30  2:45  Baneling Nest  
  29  2:52  Zergling x6  
  29  2:55  Zergling x2  
  32  3:03  Zergling x2  
  33  3:09  Zergling x2  
  33  3:11  Zergling x8  
  38  3:15  Zergling x2  
  38  3:16  Zergling x4  
  39  3:22  Overlord  
  39  3:26  Zergling x2  
  40  3:37  Zergling x4  
  40  3:38  Zergling x2  
  41  3:48  Zergling x2  
  41  3:49  Zergling x8  
  46  3:58  Zergling x6  
  47  4:09  Zergling x4  
  41  4:22  Zergling x8  
  41  4:30  Zergling x8  
  35  4:36  Zergling x4  
Show
View Real Time Build Order
Export as new Build Order

BruceLee Terran 

Build Orders: Liberator Opening 

Get SALT Encoding   

  12  0:01  SCV  
  13  0:13  SCV  
  14  0:23  Supply Depot  
  14  0:25  SCV  
  15  0:33  Refinery  
  15  0:46  Barracks  
  15  0:47  SCV  
  16  0:55  Refinery  
  16  0:59  SCV  
  17  1:14  SCV  
  18  1:33  Barracks Tech Lab  
  18  1:36  Factory  
  18  1:38  Orbital Command  
  18  1:52  Marauder  
  20  1:59  Supply Depot  
  20  2:04  SCV  
  21  2:27  Siege Tank  
  24  2:34  Barracks Reactor  
  24  2:36  SCV  
  25  2:42  Starport  
  25  2:48  SCV  
  26  3:14  Siege Tank  
  27  3:29  Liberator  
  27  3:30  Liberator  
  24  3:39  SCV  
  25  3:41  Supply Depot  
  31  4:03  SCV, Command Center  
  31  4:05  Supply Depot  
  32  4:14  Siege Tank  
  35  4:46  Siege Tank  
  35  4:51  Liberator x2  
  38  4:52  Starport  
  44  5:34  SCV  
  42  5:38  Orbital Command  
  42  5:39  Starport Tech Lab  
  40  5:44  Starport  
  40  5:46  SCV  
  38  6:02  Cloaking Field  
  38  6:03  Banshee  
  41  6:04  SCV  
  41  6:05  SCV  
  43  6:16  Refinery x2, SCV  
  43  6:17  SCV  
  42  6:22  Starport  
  42  6:26  Engineering Bay  
  42  6:28  SCV  
  42  6:29  SCV  
  42  6:32  Starport Tech Lab  
  44  6:33  Starport  
  38  6:40  SCV  
  38  6:41  SCV  
  40  6:53  SCV x2  
  42  6:58  Missile Turret  
  42  6:59  Starport Tech Lab  
  42  7:05  SCV x2  
  44  7:17  SCV  
  44  7:18  SCV, Hyperflight Rotors  
  44  7:19  Banshee x2  
  52  7:30  SCV  
  53  7:38  Supply Depot  
  53  7:40  SCV  
  53  7:41  Supply Depot, Banshee  
  53  7:42  SCV  
  58  7:44  Starport Tech Lab  
  58  7:48  Supply Depot  
  58  7:52  SCV  
  58  7:54  SCV  
  60  8:02  Banshee x2  
  66  8:06  SCV  
  66  8:09  Banshee x2  
  73  8:21  Widow Mine x2  
  77  8:31  Command Center  
  77  8:34  Missile Turret  
  77  8:35  Missile Turret  
  61  8:41  Missile Turret  
  60  8:58  Banshee x2  
  60  8:59  Banshee  
  67  9:28  Banshee  
Tags
 
Add a new tag
Caveats
  • Supply blocks, unpowered buildings, or Contaminate may cause inaccurate times.
  • Supply counts are checked every 10 seconds.